 Dungeon Crawl Stone Soup version 0.30-a0-137-gd8773701ce (webtiles) character file.

Game seed: 9807544831409346467

197 Lennethare the Magician (level 5, -7/28 HPs)
             Began as a Deep Elf Conjurer on Sept 21, 2022.
             Mangled by Duvessa
             ... wielding a +0 rapier
              (9 damage)
             ... on level 4 of the Dungeon.
             The game lasted 00:05:15 (2949 turns).

Lennethare the Magician (Deep Elf Conjurer)         Turns: 2949, Time: 00:05:16

Health: -7/28      AC:  2    Str:  6    XL:     5   Next: 46%
Magic:  6/14       EV: 12    Int: 23    God:
Gold:   245        SH:  0    Dex: 13    Spells: 7/14 levels left

rFire   . . .      SeeInvis .    (no weapon)
rCold   . . .      Faith    .    (no shield)
rNeg    . . .      Spirit   .    a - +0 robe
rPois   .          Reflect  .    (no helmet)
rElec   .          Harm     .    e - scarf {repulsion}
rCorr   .          Rampage  .    (no gloves)
Will    .....                    (no boots)
Stlth   +.........               (no amulet)
HPRegen 0.09/turn                (no ring)
MPRegen 0.14/turn                (no ring)

@: lit by a corona, glowing, repel missiles
A: no striking features
a: no special abilities


You were on level 4 of the Dungeon.
You visited 1 branch of the dungeon, and saw 4 of its levels.

You collected 245 gold pieces.

Inventory:

Armour
 a - a +0 robe (worn)
 e - a scarf of repulsion (worn)
Scrolls
 c - 2 scrolls of identify {unknown}
 f - 2 scrolls of noise {unknown}
 h - a scroll of silence {unknown}
 i - 3 scrolls of teleportation {unknown}
 l - 3 scrolls of magic mapping {unknown}
 n - a scroll of vulnerability {unknown}
 o - a scroll of blinking {unknown}
 r - a scroll of amnesia {unknown}
 s - 3 scrolls of enchant armour {unknown}
Potions
 b - a potion of magic
 d - a potion of might {unknown}
 g - a potion of berserk rage {unknown}
 j - a potion of attraction {unknown}
 k - a potion of cancellation {unknown}
 m - 2 potions of mutation {unknown}
 p - a potion of haste {unknown}
 q - 2 potions of brilliance {unknown}
 t - a potion of curing {unknown}


   Skills:
 - Level 2.4 Dodging
 - Level 2.4 Stealth
 + Level 5.4 Spellcasting
 + Level 5.1 Conjurations
 + Level 4.3 Hexes


You had 7 spell levels left.
You knew the following spells:

 Your Spells              Type           Power      Damage    Failure   Level
a - Magic Dart            Conj           100%       1d8       1%          1
b - Searing Ray           Conj           58%        2d6       1%          2
c - Fulminant Prism       Conj/Hex       13%        3d9       13%         4

Your spell library contained the following spells:

 Spells                   Type           Power      Damage    Failure   Level
 Dazzling Flash           Conj/Hex       54%        N/A       4%          3
 Freeze                   Ice            24%        1d5       9%          1
 Sublimation of Blood     Necr           6%         N/A       14%         2
 Wereblood                Tmut           6%         N/A       14%         2
 Frozen Ramparts          Ice            12%        1d2       26%         3
 Hailstorm                Conj/Ice       18%        3d6       30%         4
 Iskenderun's Mystic Bla  Conj/Tloc      18%        2d6       30%         4
 Summon Hydra             Summ           3%         N/A       100%        7


Dungeon Overview and Level Annotations

Branches:
Dungeon (4/15)
 Temple: D:4-7

Altars:
Yredelemnul

Annotations:
D:4 Duvessa


Message History

Aiming: Fulminant Prism (extremely dangerous; 14% risk of failure)
Press: ? - help, Dir - move target You conjure a prism of explosive energy!
A fulminant prism comes into view.
The ball python bites you. The ball python constricts you.
Casting: Fulminant Prism (extremely dangerous; 14% risk of failure)
Confirm with . or Enter, or press ? or * to list all spells.
Okay, then.
Casting: Fulminant Prism (extremely dangerous; 14% risk of failure)
Confirm with . or Enter, or press ? or * to list all spells.
Aiming: Searing Ray (safe; 1% risk of failure)
Press: ? - help, Shift-Dir - straight line, f - Dowan
Aim: Dowan, wielding a +0 dagger and wearing a +0 robe (71% to hit)
The searing ray misses the ball python.
The searing ray hits Duvessa!
Duvessa is moderately wounded.
The searing ray hits Dowan!
Dowan is heavily wounded. (Press . to maintain the ray.)
The ball python closely misses you. The ball python constricts you.
Your fulminant prism crackles loudly.
The searing ray hits the ball python.
You kill the ball python!
The searing ray hits Duvessa.
Duvessa is moderately wounded.
The searing ray misses Dowan.
Your fulminant prism explodes!
The blast of energy engulfs Dowan!!
You kill Dowan!
Duvessa screams in rage.
Duvessa goes berserk!
The blast of energy engulfs Duvessa!
Duvessa is heavily wounded.
You hear a shout!
You hear an angry hiss.
Your Conjurations skill increases to level 5!
The searing ray hits Duvessa.
Duvessa is severely wounded.
Duvessa hits you with a +0 rapier!
Ouch! That really hurt!
* * * LOW HITPOINT WARNING * * *
Duvessa hits you with a +0 rapier!
You die...

#.......... ..## ##......... ..#
##........ ..# ##....... #.#
#### ##...... #######.# ##..##
####### ##....##.### #....###
##......#...####......#
#..........).e@.......#
##..[.......#####......#########
##...........# #.....†......#.##
#....).......# #.......###......
.............# #.......# ####...
###.........## ##.....[# #...
###....#..# ##.....# #...
##.###..# ##..### #... ### #.†#
#### ###.


You could see Duvessa (berserk).

Vanquished Creatures
  Dowan (D:4)
  Jessica (D:3)
  2 iguanas
  2 adders
  A gnoll (D:4)
  A worm (D:4)
  A dart slug (D:4)
  An orc (D:4)
  3 ball pythons
  3 endoplasms
  2 giant cockroaches (D:1)
  6 hobgoblins
  3 quokkas
  3 bats (D:2)
  2 frilled lizards (D:2)
  2 goblins (D:1)
  6 kobolds
  3 rats
43 creatures vanquished.

Vanquished Creatures (others)
  A fulminant prism (D:4)
  4 toadstools (D:1)
5 creatures vanquished.

Grand Total: 48 creatures vanquished

Notes
Turn   | Place    | Note
-------+----------+-------------------------------------------
     0 | D:1      | Lennethare the Deep Elf Conjurer began the quest for the
                  | Orb.
     0 | D:1      | Reached XP level 1. HP: 10/10 MP: 6/6
   261 | D:1      | Reached skill level 1 in Hexes
   500 | D:1      | Reached XP level 2. HP: 15/15 MP: 4/8
   503 | D:1      | Learned a level 2 spell: Searing Ray
   722 | D:1      | Found a faded altar of an unknown god.
  1105 | D:2      | Identified the +1 pair of boots "Qaqu" {rPois Will+ Regen+
                  | Int-5}
  1205 | D:2      | Reached XP level 3. HP: 11/19 MP: 4/10
  1502 | D:2      | Found a basalt altar of Yredelemnul.
  1839 | D:3      | Noticed Jessica
  1848 | D:3      | Killed Jessica
  1849 | D:3      | Reached XP level 4. HP: 20/24 MP: 5/12
  2548 | D:4      | Noticed an ogre
  2680 | D:4      | Reached skill level 5 in Spellcasting
  2680 | D:4      | Reached XP level 5. HP: 21/28 MP: 8/14
  2814 | D:4      | Learned a level 4 spell: Fulminant Prism
  2924 | D:4      | Noticed Dowan
  2927 | D:4      | Noticed Duvessa
  2948 | D:4      | Killed Dowan
  2949 | D:4      | Reached skill level 5 in Conjurations
  2949 | D:4      | Mangled by Duvessa

Illustrated notes

Levels and vault maps discovered:
D:1:      ldierk_water_garden, layout_loops_ring, basic_ecumenical_altar
D:2:      layout_loops_cross, basic_altar
D:3:      layout_loops_ring, uniq_jessica
D:4:      layout_cave_pods, st_stairs_9, minmay_fractal_squares_diagonal_5,
          uniq_duvessa

Skill      XL: |  1  2  3  4  5 |
---------------+----------------+-----
Hexes          | 1 3 4 |  4.3
Spellcasting   | 4 5 |  5.4
Conjurations   | 5 |  5.1
Dodging        | |  2.4
Stealth        | |  2.4

Action                   |  1- 3 |  4- 6 || total
-------------------------+-------+-------++-------
Melee: Unarmed           |     2 |       ||     2
 Cast: Magic Dart        |    47 |    22 ||    69
       Searing Ray       |     3 |     6 ||     9
       Fulminant Prism   |       |     1 ||     1
Armor: Robe              |     4 |       ||     4
Dodge: Dodged            |    11 |    15 ||    26
       Repelled          |       |     1 ||     1

Table legend: (Time is in decaauts)
 A = Elapsed time spent in this place.
 B = Non-inter-level travel time spent in this place.
 C = Inter-level travel time spent in this place.
 D = Time resting spent in this place.
 E = Time spent auto-exploring this place.
 F = Levels seen in this place.
 G = Mean time per level.
                   A        B        C        D        E       F      G
               +--------+--------+--------+--------+--------+-----+--------+
         Total |   2950 |   2840 |    110 |      0 |   2505 |   4 |  737.5 |
       Dungeon |   2950 |   2840 |    110 |      0 |   2505 |   4 |  737.5 |
               +--------+--------+--------+--------+--------+-----+--------+

Top non-repeatable levels by time:
     D:1: 923 daAuts
     D:2: 914 daAuts
     D:3: 747 daAuts
     D:4: 364 daAuts
